 Dungeon Crawl Stone Soup version 0.30-a0-219-gf2db51d15e (webtiles) character file.

Game seed: 10589646024721745503

10749 heikuro the Carver (level 11, -2/87 HPs)
             Began as a Formicid Fighter on Oct 7, 2022.
             Was a High Priest of Makhleb.
             Killed from afar by a manticore (5 damage)
             ... with a volley of spikes
             ... on level 12 of the Dungeon.
             The game lasted 00:29:44 (10348 turns).

heikuro the Carver (Formicid Fighter)              Turns: 10348, Time: 00:29:44

Health: -2/87      AC: 22    Str: 24    XL:     11   Next: 98%
Magic:  17/17      EV:  5    Int:  9    God:    Makhleb [*****.]
Gold:   559        SH: 16    Dex: 13    Spells: 10/10 levels left

rFire   + . .      SeeInvis +    M - +2 great sword
rCold   . . .      Faith    .    u - +0 tower shield
rNeg    . . .      Spirit   .    c - +0 plate armour
rPois   .          Reflect  .    (helmet unavailable)
rElec   .          Harm     .    G - +1 cloak
rCorr   .          Rampage  .    (no gloves)
Will    +....                    (no boots)
Stlth   ..........               p - amulet of regeneration
HPRegen 1.14/turn                F - ring "Eligonip" {rF+ AC+4}
MPRegen 0.15/turn                v - +4 ring of slaying

@: spiked
A: permanent stasis, dig shafts and tunnels, antennae 3, four strong arms,
iridescent scales 1, MP-powered wands
a: Dig, Shaft Self, Renounce Religion, Minor Destruction, Lesser Servant of
Makhleb, Major Destruction, Greater Servant of Makhleb


You were on level 12 of the Dungeon.
You worshipped Makhleb.
Makhleb was extremely pleased with you.
You visited 2 branches of the dungeon, and saw 13 of its levels.
You also visited: Ossuary.

You collected 559 gold pieces.

Inventory:

Hand Weapons
 j - a +1 falchion of flaming
 K - the +0 scimitar "Inten" {vorpal, Fly rElec Will+++ Int-4}
   (You found it on level 7 of the Dungeon)

   It inflicts extra damage upon your enemies.
   Int:       It affects your intelligence (-4).
   rElec:     It insulates you from electricity.
   Fly:       It grants you flight.
   Will:      It greatly increases your willpower.
 M - a +2 great sword (weapon)
 N - a +1 long sword of freezing
Missiles
 i - 4 silver boomerangs (quivered)
 m - 26 poisoned darts
 D - 2 throwing nets
 J - a curare-tipped dart
Armour
 c - a +0 plate armour (worn)
 u - a +0 tower shield (worn)
 G - a +1 cloak (worn)
Jewellery
 a - a +4 ring of evasion
 b - an amulet of magic regeneration
 k - an amulet of reflection
 p - an amulet of regeneration (around neck)
 q - a +4 ring of evasion
 v - a +4 ring of slaying (right hand)
 F - the ring "Eligonip" (left hand) {rF+ AC+4}
   (You found it on level 7 of the Dungeon)

   [ring of protection]

   AC:        It affects your AC (+4).
   rF:        It protects you from fire.
 O - a ring of ice
Wands
 A - a wand of mindburst (14)
 E - a wand of quicksilver (8)
 P - a wand of paralysis (11)
 R - a wand of roots (7)
Scrolls
 e - a scroll of blinking {unknown}
 f - 3 scrolls of fear
 h - 2 scrolls of summoning {unknown}
 l - 2 scrolls of immolation {unknown}
 n - 7 scrolls of teleportation {unknown}
 o - 2 scrolls of enchant weapon {unknown}
 r - 5 scrolls of identify
 t - 4 scrolls of poison
 x - 2 scrolls of magic mapping {unknown}
 y - 2 scrolls of butterflies {unknown}
 C - 2 scrolls of vulnerability {unknown}
 L - a scroll of torment {unknown}
 Q - 2 scrolls of enchant armour {unknown}
Potions
 d - 4 potions of might
 g - 4 potions of attraction
 s - 4 potions of curing
 w - 6 potions of brilliance
 z - 3 potions of flight
 B - 4 potions of cancellation
 H - 3 potions of lignification
 I - a potion of heal wounds
 S - a potion of haste {unknown}


   Skills:
 + Level 8.9 Fighting
 * Level 10.8 Long Blades
 + Level 8.9 Armour
 + Level 10.5 Shields
 + Level 8.5 Invocations


You had 10 spell levels left.
You didn't know any spells.
Your spell library contained the following spells:

 Spells                   Type           Power      Damage    Failure   Level
 Apportation              Tloc           0%         N/A       100%        1
 Beastly Appendage        Tmut           0%         N/A       100%        1
 Necrotise                Necr           0%         1d4       100%        1
 Sandblast                Erth           0%         2d4       100%        1
 Summon Small Mammal      Summ           0%         N/A       100%        1
 Cigotuvi's Dreadful Rot  Necr/Pois/Air  0%         N/A       100%        2
 Passwall                 Tmut/Erth      0%         N/A       100%        2
 Poisonous Vapours        Pois/Air       0%         N/A       100%        2
 Wereblood                Tmut           0%         N/A       100%        2
 Mephitic Cloud           Conj/Pois/Air  0%         N/A       100%        3
 Spider Form              Tmut/Pois      0%         N/A       100%        3
 Stone Arrow              Conj/Erth      0%         3d7       100%        3
 Animate Dead             Necr           0%         N/A       100%        4
 Passage of Golubria      Tloc           0%         N/A       100%        4
 Alistair's Intoxication  Tmut/Pois      0%         N/A       100%        5
 Borgnjor's Vile Clutch   Necr/Erth      0%         N/A       100%        5
 Silence                  Hex/Air        0%         N/A       100%        5
 Death Channel            Necr           0%         N/A       100%        6
 Eringya's Noxious Bog    Tmut/Pois      0%         N/A       100%        6
 Lehudib's Crystal Spear  Conj/Erth      0%         10d2      100%        8


Dungeon Overview and Level Annotations

Branches:
Dungeon (12/15)            Temple (1/1) D:7            Lair (0/5) D:8
    Orc (0/2) D:11        Ossuary (visited)

Altars:
Ashenzari
Cheibriados
Dithmenos
Elyvilon
Fedhas
Gozag
Hepliaklqana
Kikubaaqudgha
Makhleb
Nemelex Xobeh
Okawaru
Qazlal
Ru
Sif Muna
Trog
Uskayaw
Vehumet
Wu Jian
Xom
Yredelemnul
Zin
The Shining One

Shops:
D:2 ((((

Annotations:
D:12 Fannar


Innate Abilities, Weirdness & Mutations

You cannot be hasted, slowed, berserked, paralysed or teleported.
You can dig through walls and to a lower floor.
You have a pair of large antennae on your head. (SInv)
Your four strong arms can wield two-handed weapons with a shield.
You are partially covered in iridescent scales. (AC +2)
You expend magic power (3 MP) to strengthen your wands.


Message History

The silver boomerang hits the manticore.
The manticore is moderately wounded.
The brown ugly thing basks in the mutagenic energy from its kin and changes!
A demon appears!
You carefully extract the barbed spikes from your body.
The manticore flicks its tail.
The volley of spikes hits you!
The barbed spikes become lodged in your body.
The barbs in your skin will harm you if you move.
Continue?
The barbed spikes dig painfully into your body as you move.
Fannar hits something with a staff of cold.
The barbed spikes dig painfully into your body as you move.
Your ynoxinul gestures.
The barbed spikes dig painfully into your body as you move.
Fannar hits your ynoxinul with a staff of cold.
Fannar freezes your ynoxinul.
The manticore flicks its tail.
The volley of spikes hits your ynoxinul!
Your ynoxinul hits the manticore.
The barbed spikes dig painfully into your body as you move.
* * * LOW HITPOINT WARNING * * *
Fannar hits your ynoxinul with a staff of cold.
Fannar freezes your ynoxinul.
Your ynoxinul dies!
Your ynoxinul disappears in a puff of smoke!
Your ufetubus disappears in a puff of smoke!
The barbed spikes dig painfully into your body as you move.
* * * LOW HITPOINT WARNING * * *
The barbed spikes dig painfully into your body as you move.
* * * LOW HITPOINT WARNING * * *
The barbed spikes dig painfully into your body as you move.
* * * LOW HITPOINT WARNING * * *
The barbed spikes dig painfully into your body as you move.
* * * LOW HITPOINT WARNING * * *
A demon appears!
You carefully extract the barbed spikes from your body.
The manticore flicks its tail.
The volley of spikes hits you.
The barbed spikes become lodged in your body.
You die...

#... #.. . #... #.....# #..
..# #... #.....# #<#.#.# #.~~
###...u.#.#.#.#.# ##.~≈
.......#.#.#.#.# #....
#.....#.#...#.# ##.#..
#.....#.#.3.#.# #..###
..##..e..#.#@#.#.#.#####.....
.......§##.#.#.#.#...........
.######{{#.#.#.#=##..........
##.{.#...#.............
##..H###...#.###...~~.
##..###.....# #....~~
#..##..##### #.....~
#.......# #...... ####.##.#
#......


You could see a manticore (ally target) and a friendly smoke demon (summoned).

Vanquished Creatures
  3 two-headed ogres
  A manticore (D:11)
  An unseen horror (D:10)
  Maggie (D:7)
  Joseph (D:7)
  2 trolls
  Sigmund (D:3)
  A wyvern (D:8)
  2 wraiths (D:11)
  A steam dragon (D:8)
  3 vampire mosquitoes
  2 wargs (D:8)
  6 water moccasins
  7 orc warriors
  A sky beast (D:8)
  A hornet zombie (D:7)
  5 ice beasts
  A black bear (D:6)
  An ogre (D:6)
  2 centaurs
  A phantom (D:6)
  4 kobold brigands
  An elf zombie (Ossuary)
  4 gnoll sergeants
  4 scorpions
  4 bullfrogs
  A necrophage (D:4)
  A wyvern zombie (D:7)
  10 wights
  5 howler monkeys
  3 bullfrog zombies (D:7)
  2 centaur zombies (D:7)
  2 human zombies
  10 orc priests
  A gnoll bouda (D:10)
  Crazy Yiuf (D:7)
  4 hounds
  3 jellies
  3 iguanas
  10 orc wizards
  7 hound zombies (Ossuary)
  3 mummies (Ossuary)
  A howler monkey zombie (D:7)
  18 gnolls
  10 adders
  An ufetubus (D:3)
  3 adder zombies (Ossuary)
  A worm (D:3)
  4 dart slugs
  46 orcs
  7 ball pythons
  11 bats
  12 endoplasms
  4 giant cockroaches
  A gnoll zombie (Ossuary)
  11 goblins
  9 hobgoblins
  2 jackals (D:4)
  24 kobolds
  5 quokkas
  3 frilled lizards
  5 goblin zombies (Ossuary)
  5 hobgoblin zombies (Ossuary)
  5 jackal zombies (Ossuary)
  A kobold zombie (Ossuary)
  An orc zombie (Ossuary)
  2 quokka zombies (Ossuary)
  7 rats
  4 rat zombies (Ossuary)
330 creatures vanquished.

Vanquished Creatures (collateral kills)
  A warg (D:8)
1 creature vanquished.

Vanquished Creatures (others)
  A human (D:5)
  22 plants
23 creatures vanquished.

Grand Total: 354 creatures vanquished

Notes
Turn   | Place    | Note
-------+----------+-------------------------------------------
     0 | D:1      | heikuro the Formicid Fighter began the quest for the Orb.
     0 | D:1      | Reached XP level 1. HP: 18/18 MP: 1/1
   169 | D:1      | Reached XP level 2. HP: 23/24 MP: 2/2
   567 | D:1      | Reached XP level 3. HP: 26/29 MP: 3/3
  1107 | D:2      | Found Dyedu's Weapon Shop.
  1164 | D:2      | Found a burning altar of Makhleb.
  1169 | D:2      | Reached XP level 4. HP: 37/37 MP: 4/4
  1376 | D:2      | Found a faded altar of an unknown god.
  1593 | D:2      | Found Mobum's Antique Weapon Shop.
  1718 | D:2      | Became a worshipper of Makhleb the Destroyer
  1927 | D:2      | Found Goost's Antique Weapon Emporium.
  2143 | D:2      | Found Pesch's Antique Weapon Emporium.
  2381 | D:3      | Noticed Sigmund
  2400 | D:3      | Reached XP level 5. HP: 22/42 MP: 5/5
  2405 | D:3      | Killed Sigmund
  2406 | D:3      | Reached skill level 5 in Shields
  2406 | D:3      | Reached skill level 1 in Invocations
  2406 | D:3      | Reached XP level 6. HP: 23/48 MP: 5/7
  2730 | D:3      | Reached * piety under Makhleb
  2820 | D:3      | Gained mutation: You are partially covered in iridescent
                  | scales. (AC +2) [potion of mutation]
  3213 | D:4      | Reached XP level 7. HP: 55/55 MP: 8/8
  3473 | D:4      | Lost mutation: You are partially covered in iridescent
                  | scales. (AC +2) [potion of mutation]
  3473 | D:4      | Gained mutation: Your spells are a little harder to cast,
                  | but a little more powerful. [potion of mutation]
  3473 | D:4      | Lost mutation: Your spells are a little harder to cast, but
                  | a little more powerful. [potion of mutation]
  3473 | D:4      | Gained mutation: You have hidden genetic potential. [potion
                  | of mutation]
  3866 | D:5      | Entered Level 5 of the Dungeon
  3977 | D:5      | Reached skill level 5 in Long Blades
  3979 | D:5      | Reached ** piety under Makhleb
  4043 | D:5      | Reached skill level 5 in Armour
  4068 | D:5      | Reached skill level 5 in Fighting
  4068 | D:5      | Reached XP level 8. HP: 62/62 MP: 10/10
  4117 | D:5      | Found an iron altar of Okawaru.
  4142 | D:5      | Found a hazy altar of Hepliaklqana.
  4169 | D:5      | Gained mutation: You are partially covered in iridescent
                  | scales. (AC +2) [hidden potential]
  4232 | D:5      | Found a hide-covered altar of Uskayaw.
  4420 | D:5      | Found an ancient bone altar of Kikubaaqudgha.
  4421 | D:5      | Noticed a human
  4423 | D:5      | Killed a human
  4776 | D:6      | Reached XP level 9. HP: 62/69 MP: 12/12
  4825 | D:6      | Gained mutation: You expend magic power (3 MP) to
                  | strengthen your wands. [hidden potential]
  4825 | D:6      | Lost mutation: You have hidden genetic potential. [hidden
                  | potential expressed]
  4914 | D:6      | Found a sand-covered staircase.
  4919 | Ossuary  | Entered an ossuary
  4989 | Ossuary  | Reached *** piety under Makhleb
  5289 | D:6      | Reached **** piety under Makhleb
  5311 | D:6      | Reached skill level 5 in Invocations
  5724 | D:7      | Found a shimmering altar of Xom.
  5736 | D:7      | Identified the ring "Eligonip" {rF+ AC+4}
  5766 | D:7      | Found a runed translucent door.
  5767 | D:7      | Noticed Crazy Yiuf
  5773 | D:7      | Killed Crazy Yiuf
  5889 | D:7      | Noticed Maggie
  5900 | D:7      | Killed Maggie
  5901 | D:7      | Reached XP level 10. HP: 69/77 MP: 14/14
  5944 | D:7      | Found a basalt altar of Yredelemnul.
  6007 | D:7      | Found a radiant altar of Vehumet.
  6007 | D:7      | Found a bloodstained altar of Trog.
  6011 | D:7      | Found a sacrificial altar of Ru.
  6079 | D:7      | Found a burning altar of Makhleb.
  6108 | D:7      | Noticed Joseph
  6129 | D:7      | Killed Joseph
  6391 | D:7      | Found a staircase to the Ecumenical Temple.
  6395 | D:7      | Identified the +0 scimitar "Inten" {vorpal, Fly rElec
                  | Will+++ Int-4}
  6398 | Temple   | Entered the Ecumenical Temple
  6708 | D:8      | Found a glowing golden altar of the Shining One.
  6778 | D:8      | Reached ***** piety under Makhleb
  6945 | D:8      | Found a staircase to the Lair.
  7062 | D:8      | Reached XP level 11. HP: 53/86 MP: 16/16
  7400 | D:8      | Found an ornate altar of the Wu Jian Council.
  7955 | D:9      | Noticed a two-headed ogre
  7965 | D:9      | Killed a two-headed ogre
  7966 | D:9      | Reached skill level 10 in Long Blades
  8456 | D:10     | Entered Level 10 of the Dungeon
  8471 | D:10     | Reached skill level 10 in Shields
  8706 | D:10     | Found a shimmering blue altar of Sif Muna.
  9124 | D:10     | Found a stormy altar of Qazlal.
  9347 | D:11     | Noticed a two-headed ogre
  9355 | D:11     | Killed a two-headed ogre
  9415 | D:11     | Found a glowing golden altar of the Shining One.
  9986 | D:11     | Found a staircase to the Orcish Mines.
  9992 | D:11     | Noticed a manticore
 10002 | D:11     | Killed a manticore
 10192 | D:12     | Noticed a two-headed ogre
 10197 | D:12     | Killed a two-headed ogre
 10330 | D:12     | Noticed a manticore
 10335 | D:12     | Noticed Fannar
 10336 | D:12     | Noticed a brown ugly thing
 10337 | D:12     | Noticed a cyan ugly thing
 10348 | D:12     | Killed from afar by a manticore

Illustrated notes

Levels and vault maps discovered:
D:1:      tarquinn_simple_flora_water_c, layout_basic, st_stairs_8
D:2:      wad_woods_stonehenge, layout_loops_corners, serial_shops, shop, shop,
          nicolae_shop_crystal, nicolae_shop_bloodbath_and_beyond,
          chequers_ecumenical_altar_lobes, hangedman_decor_opposing
D:3:      layout_rooms, uniq_sigmund
D:4:      layout_gridville
D:5:      layout_cave_pools, tgw_kikubaaqudgha,
          mainiacjoe_overflow_six_doors_small, nicolae_overflow_hidden_temple,
          overflow_temple_1_default
D:6:      layout_loops_ring, nicolae_ossuary_entry_false_entrances,
          grunt_ministairs_1, grunt_decor_fettered
D:7:      layout_loops_ring, amcnicky_altar_gilded, brannock_xom_greatest_gift,
          grunt_temple_overflow_open, nicolae_yredelemnul_corpse_copse,
          minmay_temple_entry_statues_pillars, minmay_misc_feat_tiny,
          hex_medium, uniq_crazy_yiuf_cottage, uniq_maggie, uniq_joseph
D:8:      layout_loops_ring, nicolae_wu_jian_wuxing_cycle,
          mainiacjoe_overflow_chevrons, erik_lair_orcish_takeover
D:9:      layout_loops_ring, serial_glass, glass_columns_a, glass_columns_a
D:10:     layout_stronghold, mainiacjoe_overflow_small_starburst,
          mainiacjoe_overflow_tiny_flanked
D:11:     layout_loops_ring, orc_0_dummy, roderic_serpentine_path,
          tso_oasis_becter
D:12:     layout_basic, serial_shops, shop, minmay_quadrilaterals, uniq_fannar
Temple:   hellmonk_temple_forest_ring

Skill      XL: |  1  2  3  4  5  6  7  8  9 10 11 |
---------------+----------------------------------+-----
Long Blades    | 3 4 5 6 8 9 10 | 10.8
Fighting       | 4 5 6 7 8 |  8.9
Armour         | 4 5 6 7 8 |  8.9
Shields        | 5 6 8 9 10 | 10.5
Invocations    | 1 2 3 4 5 7 8 |  8.5

Action                   |  1- 3 |  4- 6 |  7- 9 | 10-12 || total
-------------------------+-------+-------+-------+-------++-------
Melee: Long sword        |    61 |       |   185 |       ||   246
       Dagger            |    50 |   183 |   201 |       ||   434
       Scimitar          |       |       |    29 |   144 ||   173
       Great sword       |       |       |       |   310 ||   310
Throw: Boomerang         |       |       |       |    14 ||    14
       Dart              |       |       |       |     1 ||     1
Invok: Minor Destruction |       |       |     2 |     3 ||     5
       Lesser Servant of |       |       |       |     4 ||     4
 Abil: Dig               |       |       |     9 |     4 ||    13
  Use: Scroll            |       |     4 |     5 |     2 ||    11
       Potion            |       |     1 |     1 |       ||     2
 Stab: Confused          |       |       |     2 |       ||     2
Armor: Scale mail        |    62 |    28 |       |       ||    90
       Plate armour      |       |    28 |   190 |   313 ||   531
Dodge: Dodged            |    68 |    36 |   100 |    88 ||   292
Block: Buckler           |    30 |    11 |       |       ||    41
       Tower shield      |       |    65 |   360 |   548 ||   973

Table legend: (Time is in decaauts)
 A = Elapsed time spent in this place.
 B = Non-inter-level travel time spent in this place.
 C = Inter-level travel time spent in this place.
 D = Time resting spent in this place.
 E = Time spent auto-exploring this place.
 F = Levels seen in this place.
 G = Mean time per level.
                   A        B        C        D        E       F      G
               +--------+--------+--------+--------+--------+-----+--------+
         Total |  10634 |  10222 |    412 |    290 |   5485 |  14 |  759.6 |
       Dungeon |  10070 |   9675 |    395 |    290 |   5353 |  12 |  839.2 |
        Temple |    158 |    141 |     17 |      0 |    132 |   1 |  158.0 |
       Ossuary |    405 |    405 |      0 |      0 |      0 |   1 |  405.0 |
               +--------+--------+--------+--------+--------+-----+--------+

Top non-repeatable levels by time:
     D:8: 1129 daAuts
     D:2: 1128 daAuts
     D:1: 1120 daAuts
     D:4: 1038 daAuts
    D:10: 867 daAuts
     D:7: 865 daAuts
    D:11: 863 daAuts
     D:6: 833 daAuts
     D:9: 788 daAuts
     D:3: 629 daAuts
     D:5: 611 daAuts
 Ossuary: 405 daAuts
    D:12: 195 daAuts
  Temple: 158 daAuts
